 Dungeon Crawl Stone Soup version 0.31-a0-841-g038b102fc3 (webtiles) character file.

Game seed: 10138988327434734699

23048 D12ThenQuit the Frost Mage (level 12, 111/111 HPs)
             Began as an Armataur Ice Elementalist on Sept 27, 2023.
             Was an Elder of Vehumet.
             Got out of the dungeon alive.
             The game lasted 00:46:24 (17425 turns).

D12ThenQuit the Frost Mage (AtIE)                  Turns: 17425, Time: 00:46:24

Health: 111/111    AC:  5    Str: 14    XL:     12   Next: 68%
Magic:  26/26      EV: 14    Int: 30    God:    Vehumet [****..]
Gold:   2436       SH:  0    Dex: 11    Spells: 17/31 levels left

rFire   + + .        y - +3 whip (elec)
rCold   . . .        (no shield)
rNeg    . . .        W - +0 leather armour "Fiowicist" {rF++ Int+4}
rPois   .            (no helmet)
rElec   .            B - +0 cloak
rCorr   .            (no gloves)
SInv    +            (no barding)
Will    +....        (no amulet)
Stlth   ++           N - +5 ring of evasion
HPRegen 0.38/turn    H - ring "Talul" {Will+ Int+6 SInv}
MPRegen 0.20/turn

%: roll
@: no status effects
A: large, rugged brown scales 3, deformed body, armoured tail, roll, long
tongue, awkward tongue
a: Renounce Religion


You escaped.
You worshipped Vehumet.
Vehumet was greatly pleased with you.
You visited 2 branches of the dungeon, and saw 13 of its levels.
You also visited: Sewer and Bailey.

You collected 2544 gold pieces.
You spent 108 gold pieces at shops.

Inventory:

Hand Weapons
 e - a +0 falchion
 p - a +2 mace of distortion
 y - a +3 whip of electrocution (weapon)
 E - a +1 dire flail of holy wrath
 S - a +8 executioner's axe
 U - a +0 arbalest
Missiles
 j - 5 curare-tipped darts (quivered)
 Y - a throwing net
Armour
 a - a +0 robe
 B - a +0 cloak (worn)
 L - +0 steam dragon scales
 W - the +0 leather armour "Fiowicist" (worn) {rF++ Int+4}
   (You found it on level 11 of the Dungeon)

   Int+4:     It affects your intelligence (+4).
   rF++:      It greatly protects you from fire.
Magical Staves
 Z - a staff of conjuration
Jewellery
 i - a ring of poison resistance
 k - a +6 ring of strength
 n - a +4 ring of slaying
 D - a ring of fire
 G - an amulet of faith
 H - the ring "Talul" (right hand) {Will+ Int+6 SInv}
   (You found it on level 6 of the Dungeon)

   [ring of intelligence]

   Int+6:     It affects your intelligence (+6).
   Will+:     It increases your willpower.
   SInv:      It lets you see invisible.
 I - a ring of resist corrosion
 N - a +5 ring of evasion (left hand)
 X - a ring of magical power
Wands
 o - a wand of digging (4)
 v - a wand of quicksilver (6)
 J - a wand of iceblast (12)
Scrolls
 d - 3 scrolls of brand weapon {unknown}
 f - 4 scrolls of enchant weapon
 h - 2 scrolls of butterflies
 l - 8 scrolls of fog
 m - 4 scrolls of immolation
 r - 3 scrolls of teleportation
 s - 4 scrolls of poison {unknown}
 w - 2 scrolls of blinking {unknown}
 C - 4 scrolls of fear {unknown}
 K - 2 scrolls of vulnerability
 M - 3 scrolls of enchant armour
 O - a scroll of torment
 V - a scroll of noise
Potions
 b - 4 potions of magic
 c - 2 potions of mutation
 g - 3 potions of might {unknown}
 q - 4 potions of brilliance {unknown}
 t - a potion of cancellation
 u - 3 potions of invisibility {unknown}
 x - a potion of haste
 z - 3 potions of heal wounds
 A - 4 potions of curing {unknown}
 F - 2 potions of attraction {unknown}
 P - a potion of enlightenment
 Q - a potion of ambrosia
 T - a potion of degeneration {unknown}
Miscellaneous
 R - a lightning rod (4/4)


   Skills:
 - Level 9.0 Fighting
 - Level 1.2 Armour
 - Level 1.7 Dodging
 - Level 2.1 Stealth
 - Level 10.1 Spellcasting
 + Level 7.8 Conjurations
 - Level 10.8 Ice Magic
 + Level 6.0 Evocations


You had 17 spell levels left.
You knew the following spells:

 Your Spells              Type           Power      Damage    Failure   Level
a - Shock                 Conj/Air       100%       1d9       1%          1
b - Frozen Ramparts       Ice            100%       1d16      1%          3
c - Ozocubu's Armour      Ice            69%        N/A       1%          3
d - Searing Ray           Conj           100%       2d8       1%          2
e - Freeze                Ice            100%       1d10      1%          1
f - Summon Ice Beast      Ice/Summ       47%        N/A       4%          4

Your spell library contained the following spells:

 Spells                   Type           Power      Damage    Failure   Level
 Olgreb's Toxic Radiance  Pois           15%        N/A       11%         4
 Magic Dart               Conj           100%       1d8       1%          1
 Dazzling Flash           Conj/Hex       76%        N/A       1%          3
 Fulminant Prism          Conj/Hex       19%        3d11      2%          4
 Volatile Blastmotes      Fire/Tloc      30%        2d12      3%          3
 Apportation              Tloc           30%        N/A       4%          1
 Jinxbite                 Hex            30%        N/A       6%          2
 Sublimation of Blood     Necr           15%        N/A       6%          2
 Wereblood                Tmut           15%        N/A       6%          2
 Irradiate                Conj/Tmut      19%        3d18      7%          5
 Starburst                Conj/Fire      19%        6d7       32%         6
 Petrify                  Tmut/Erth      15%        N/A       38%         4
 Alistair's Intoxication  Tmut/Pois      10%        N/A       75%         5
 Maxwell's Capacitive Co  Air            7%         ∞         100%        8


Dungeon Overview and Level Annotations

Branches:
Dungeon (12/15)            Temple (1/1) D:6            Lair (0/5) D:11
    Orc (0/2) D:11          Sewer (visited)          Bailey (visited)

Altars:
Ashenzari
Cheibriados
Dithmenos
Elyvilon
Fedhas
Gozag
Hepliaklqana
Kikubaaqudgha
Makhleb
Nemelex Xobeh
Okawaru
Qazlal
Ru
Sif Muna
Trog
Uskayaw
Vehumet
Wu Jian
Xom
Yredelemnul
Zin
The Shining One

Shops:
D:1 ?::*   D:3 (   D:4 (   D:6 *   D:7 [   D:11 (

Annotations:
D:2 1 runed translucent door, Crazy Yiuf
D:9 4 runed translucent doors


Innate Abilities, Weirdness & Mutations

You are completely covered in rugged brown scales. (AC +3, +7% HP)
Armour fits poorly on your strangely shaped body.
You have a long armoured tail.
You roll when moving toward enemies. (Rampage)
Your long tongue fully drains potion bottles. (2x potion effects)
Your tongue gives you trouble enunciating. (1.5x scroll delay)


Message History

You climb upwards.
Level annotation: 4 runed translucent doors
There is a stone staircase leading down here.
There is a stone staircase leading up here.
You climb upwards.
There is a stone staircase leading down here.
There is an open door here.
There is a stone staircase leading up here.
You climb upwards.
There is a stone staircase leading down here.
There is a stone staircase leading up here.
You climb upwards.
There is a stone staircase leading down here.
There is an open door here.
There is an open door here.
There is an open door here.
There is an open door here.
There is a stone staircase leading up here.
You climb upwards.
There is a stone staircase leading down here.
There is an open door here.
There is a stone staircase leading up here.
You climb upwards.
There is a stone staircase leading down here.
There is a stone staircase leading up here.
You climb upwards.
There is a stone staircase leading down here.
There is an open door here.
There is a stone staircase leading up here.
You climb upwards.
Level annotation: 1 runed translucent door, Crazy Yiuf
There is a stone staircase leading down here.
There is a stone staircase leading up here.
You climb upwards.
There is a stone staircase leading down here.
Things that are here:
5 stones; a +0 dagger You see here a +0 club.
There is a staircase leading out of the dungeon here.
You have escaped!

#####>....)...............#.
###.#..#####.......#.#...#
#......# #(.##.##....#..
#...##.# #.....#.......#
#...##.#####.#####.###.###
#...#........##......#.#
#...#.###########..#.#.#
#...#)# ####.#.##..#.#.#
##.##.###@....###..#...#
#†##..###.##.##...#####
#.###..#..###.#.#.....#
#######.# ###..####.#.#####.#
#.....#.# ##.# #..#.# #)# #
#.8.8.#.# #.# #.##.# #.# #
###.#'#...# ####.###.##.# #.# #
#...#.#...###.#...#...#.#####.#
#
#.###.###)##.###....###.....#.#
#


There were no monsters in sight!

Vanquished Creatures
  An orc warlord (Bailey)
  2 boulder beetles
  4 two-headed ogres
  Pikel (D:5)
  A deep elf pyromancer (D:12)
  4 ugly things
  4 cyclopes (D:12)
  A gargoyle (D:10)
  2 kobold demonologists
  3 unseen horrors
  A komodo dragon (D:10)
  6 trolls
  Prince Ribbit (D:7)
  4 slime creatures (D:12)
  3 shadows
  Sigmund (D:4)
  A centaur simulacrum (D:12)
  6 yaks (D:12)
  A wraith (D:11)
  2 steam dragons (D:7)
  10 vampire mosquitoes
  Menkaure (D:4)
  3 wargs (D:11)
  Edmund (D:4)
  2 acid dragons
  3 water moccasins
  8 orc warriors
  2 sky beasts
  2 ice beasts
  A black bear (D:6)
  2 ogres
  3 centaurs
  2 lemures
  4 phantoms
  4 kobold brigands
  Blork the orc (D:5)
  5 bullfrogs
  6 scorpions
  7 gnoll sergeants
  6 wights
  5 killer bees (D:10)
  2 nameless horrors (Bailey)
  4 howler monkeys
  8 orc priests
  7 hounds
  4 jellies
  2 gnoll boudas
  2 iguanas
  12 orc wizards
  13 adders
  22 gnolls
  6 river rats
  3 white imps
  A worm (D:3)
  2 dart slugs
  33 orcs
  14 endoplasms
  8 giant cockroaches
  13 goblins
  10 hobgoblins
  5 jackals
  22 kobolds
  3 quokkas
  4 ball pythons
  5 bats
  5 frilled lizards
  11 rats
348 creatures vanquished.

Vanquished Creatures (collateral kills)
  2 ugly things (D:12)
  A basilisk (D:12)
  A hobgoblin (Bailey)
4 creatures vanquished.

Grand Total: 352 creatures vanquished

Notes
Turn   | Place    | Note
-------+----------+-------------------------------------------
     0 | D:1      | D12ThenQuit the Armataur Ice Elementalist began the quest
                  | for the Orb.
     0 | D:1      | Reached XP level 1. HP: 14/14 MP: 3/3
    14 | D:1      | Found Zulikh's Magic Scroll Boutique.
   188 | D:1      | Reached XP level 2. HP: 16/21 MP: 1/5
   402 | D:1      | Found Wisaxzut's Assorted Antiques.
   612 | D:1      | Reached XP level 3. HP: 27/27 MP: 6/6
   646 | D:1      | Found Xocipus's Book Boutique.
   665 | D:1      | You fall into a shaft and drop 1 floor!
   673 | D:2      | Learned a level 3 spell: Frozen Ramparts
   965 | D:1      | Found Omyok's Book Shop.
  1005 | D:1      | Found a faded altar of an unknown god.
  1424 | D:2      | Reached XP level 4. HP: 32/35 MP: 8/8
  1851 | D:2      | Found a runed translucent door.
  1852 | D:2      | Noticed Crazy Yiuf
  2169 | D:3      | Reached XP level 5. HP: 40/40 MP: 4/10
  2194 | D:3      | Learned a level 3 spell: Ozocubu's Armour
  2244 | D:3      | Found an opulent altar of Gozag.
  2297 | D:3      | Reached skill level 5 in Ice Magic
  2376 | D:3      | Found a glowing drain.
  2385 | Sewer    | Entered a sewer
  2608 | Sewer    | Reached XP level 6. HP: 31/48 MP: 6/11
  2684 | Sewer    | Found a viscous altar of Jiyva.
  3022 | D:3      | Found Botes's Weapon Shop.
  3265 | D:4      | Noticed Edmund
  3329 | D:4      | Reached skill level 1 in Fighting
  3387 | D:4      | Learned a level 2 spell: Searing Ray
  3482 | D:4      | Reached skill level 1 in Conjurations
  3582 | D:4      | Reached XP level 7. HP: 46/56 MP: 3/13
  3708 | D:4      | Found Nipiodom's Weapon Shop.
  4105 | D:4      | Killed Edmund
  4106 | D:4      | Noticed Sigmund
  4263 | D:4      | Killed Sigmund
  4264 | D:4      | Reached skill level 5 in Conjurations
  4383 | D:4      | Noticed Menkaure
  4388 | D:4      | Killed Menkaure
  4389 | D:4      | Reached XP level 8. HP: 19/66 MP: 6/14
  4719 | D:5      | Entered Level 5 of the Dungeon
  4740 | D:5      | Found a sacrificial altar of Ru.
  4821 | D:5      | Found a shimmering altar of Xom.
  4908 | D:5      | Noticed Blork the orc
  4936 | D:5      | Killed Blork the orc
  5195 | D:5      | Noticed Pikel
  5393 | D:5      | Killed Pikel
  5982 | D:6      | Found Hequxog's Assorted Antiques.
  5986 | D:6      | Bought a scroll labelled BIRPHO HAOTOINO for 27 gold pieces
  5986 | D:6      | Bought 3 scrolls labelled CILUC ITTARIMN for 81 gold pieces
  6023 | D:6      | Found a blossoming altar of Fedhas.
  6023 | D:6      | Identified the ring "Talul" {Will+ Int+6 SInv}
  6092 | D:6      | Found a broken altar of Ashenzari.
  6478 | D:6      | Reached XP level 9. HP: 53/75 MP: 11/15
  6707 | D:6      | Found a staircase to the Ecumenical Temple.
  6723 | Temple   | Entered the Ecumenical Temple
  6762 | Temple   | Became a worshipper of Vehumet
  7492 | D:7      | Found Irhitoup's Armour Shoppe.
  7784 | D:7      | Reached skill level 10 in Ice Magic
  8001 | D:7      | Reached * piety under Vehumet
  8001 | D:7      | Offered knowledge of Foxfire by Vehumet.
  8520 | D:7      | Reached XP level 10. HP: 80/85 MP: 12/16
  8624 | D:7      | Noticed Prince Ribbit
  8630 | D:7      | Killed Prince Ribbit
  8631 | D:7      | Reached skill level 5 in Fighting
  8837 | D:8      | Identified a scroll of acquirement
  8955 | D:8      | Found a white marble altar of Elyvilon.
  9127 | D:8      | Found a glowing silver altar of Zin.
  9757 | D:9      | Noticed a two-headed ogre
  9763 | D:9      | Killed a two-headed ogre
  9880 | D:9      | Noticed a two-headed ogre
  9891 | D:9      | Killed a two-headed ogre
  9940 | D:9      | Found a hazy altar of Hepliaklqana.
  9951 | D:9      | Found a runed translucent door.
  9969 | D:9      | Found a runed translucent door.
  9985 | D:9      | Found a runed translucent door.
  9991 | D:9      | Found a flagged portal.
 10041 | Bailey   | Entered a bailey
 10050 | Bailey   | Noticed an orc warlord
 10060 | Bailey   | Reached ** piety under Vehumet
 10060 | Bailey   | Offered knowledge of Shock by Vehumet.
 10070 | Bailey   | Learned a level 1 spell: Shock
 10140 | Bailey   | Found a runed translucent gate.
 10142 | Bailey   | Found a runed translucent gate.
 10143 | Bailey   | Found a runed translucent gate.
 10609 | Bailey   | Learned a level 4 spell: Summon Ice Beast
 10833 | Bailey   | Killed an orc warlord
 10834 | Bailey   | Reached skill level 5 in Spellcasting
 10868 | Bailey   | Acquired 880 gold pieces
 10870 | Bailey   | Acquired 808 gold pieces
 10950 | Bailey   | Upgraded the game from 0.31-a0-836-g3ceb0a68c4 to
                  | 0.31-a0-841-g038b102fc3
 11061 | D:9      | Found a runed translucent door.
 11065 | D:9      | Found a sparkling altar of Nemelex Xobeh.
 11155 | D:9      | Reached XP level 11. HP: 67/101 MP: 9/19
 11521 | D:9      | Found an ornate altar of the Wu Jian Council.
 11762 | D:10     | Entered Level 10 of the Dungeon
 11866 | D:10     | Noticed a two-headed ogre
 11880 | D:10     | Killed a two-headed ogre
 12117 | D:10     | Offered knowledge of Ignite Poison by Vehumet.
 12957 | D:10     | Found a hide-covered altar of Uskayaw.
 13097 | D:11     | Noticed a brown ugly thing
 13120 | D:11     | Found Topylaadgh's Weapon Boutique.
 13189 | D:11     | Reached *** piety under Vehumet
 13291 | D:11     | Killed a brown ugly thing
 13428 | D:11     | Identified the +0 leather armour "Fiowicist" {rF++ Int+4}
 13568 | D:11     | Found a staircase to the Lair.
 13576 | D:11     | Offered knowledge of Brom's Barrelling Boulder by Vehumet.
 13577 | D:11     | Noticed a cyan ugly thing
 13587 | D:11     | Killed a cyan ugly thing
 13923 | D:11     | Noticed a boulder beetle
 13942 | D:11     | Killed a boulder beetle
 14052 | D:11     | Found a staircase to the Orcish Mines.
 14764 | D:12     | Reached skill level 10 in Spellcasting
 14927 | D:12     | Reached **** piety under Vehumet
 14932 | D:12     | Reached XP level 12. HP: 85/110 MP: 17/26
 15121 | D:12     | Reached skill level 1 in Armour
 15453 | D:12     | Noticed a boulder beetle
 15469 | D:12     | Killed a boulder beetle
 15470 | D:12     | Reached skill level 1 in Evocations
 15903 | D:12     | Offered knowledge of Olgreb's Toxic Radiance by Vehumet.
 16495 | D:12     | Reached skill level 5 in Evocations
 16796 | D:12     | Noticed a two-headed ogre
 16805 | D:12     | Killed a two-headed ogre
 17425 | D:$      | Got out of the dungeon alive.

Illustrated notes

Levels and vault maps discovered:
D:1:      dpeg_arrival_round_a, layout_basic, serial_shops, shop,
          nicolae_shop_tiny_statue_garden, nicolae_book_shop_shelving,
          nicolae_shop_tiny_real_fake_doors,
          dreamdust_ecumenical_altar_angels_and_demons
D:2:      minmay_wonky_spiral, layout_basic, uniq_crazy_yiuf_cottage
D:3:      layout_basic, grunt_gozag_breadcrumbs, gup_sewer_entry_spiral,
          serial_shops, shop
D:4:      layout_gridville, serial_shops, shop, uniq_menkaure, uniq_edmund,
          uniq_sigmund
D:5:      layout_basic, mainiacjoe_overflow_catch_the_wave, uniq_blork_the_orc,
          uniq_pikel
D:6:      minmay_diamond_boxcup, layout_basic, mainiacjoe_overflow_swirl,
          minmay_temple_entry_mini_moons, serial_shops,
          nicolae_shop_overgrown_old_shop, nicolae_elevator_lobby_plus
D:7:      minmay_angry_zag, layout_basic, nicolae_stop_n_shop_1,
          nrook_mini_vaults, uniq_prince_ribbit1
D:8:      layout_gridville, mainiacjoe_overflow_brackets, zin_statuary,
          nicolae_fountain_basement
D:9:      layout_basic, old_standard_altar, mainiacjoe_overflow_alcove_1,
          general_overflow_altar, enter_bailey_3, minmay_statue_crystal_thing
D:10:     layout_stronghold, nicolae_uskayaw_suspiria
D:11:     layout_cave_pods, erik_lair_orcish_takeover,
          kennysheep_orc_monster_closet_entryway, serial_shops,
          nicolae_shop_stone, grunt_ministairs_2
D:12:     nicolae_hexawheel, layout_basic
Temple:   minmay_temple_curvy_loop

Skill      XL: |  1  2  3  4  5  6  7  8  9 10 11 12 |
---------------+-------------------------------------+-----
Spellcasting   | 2 3 4 5 10 | 10.1
Ice Magic      | 4 5 8 10 | 10.8
Fighting       | 1 2 3 4 8 9 |  9.0
Conjurations   | 2 5 7 |  7.8
Armour         | 1 |  1.2
Evocations     | 6 |  6.0
Dodging        | |  1.7
Stealth        | |  2.1

Action                     |  1- 3 |  4- 6 |  7- 9 | 10-12 || total
---------------------------+-------+-------+-------+-------++-------
  Melee: Unarmed           |     3 |       |       |       ||     3
         Falchion          |    55 |    52 |       |       ||   107
         Tailslap          |     6 |     7 |    15 |     8 ||    36
         Punch             |     1 |       |     1 |       ||     2
         Whip              |       |    31 |   101 |    51 ||   183
  Throw: Dart              |       |       |       |    10 ||    10
   Cast: Freeze            |    33 |    68 |    97 |    85 ||   283
         Frozen Ramparts   |       |     3 |    20 |    59 ||    82
         Ozocubu's Armour  |       |     1 |     2 |     9 ||    12
         Searing Ray       |       |       |     9 |    60 ||    69
         Summon Ice Beast  |       |       |       |     8 ||     8
         Shock             |       |       |       |    53 ||    53
  Evoke: Lightning rod     |       |       |       |     7 ||     7
    Use: Scroll            |       |       |     1 |    18 ||    19
         Potion            |       |       |       |     4 ||     4
   Stab: Sleeping          |     4 |     8 |     6 |       ||    18
         Distracted        |       |     1 |     1 |     1 ||     3
 Armour: Robe              |    51 |    91 |   157 |       ||   299
         Steam dragon scal |       |       |    13 |   136 ||   149
         Leather armour    |       |       |       |   136 ||   136
  Dodge: Dodged            |    39 |    60 |    63 |   191 ||   353

Table legend: (Time is in decaauts)
 A = Elapsed time spent in this place.
 B = Non-inter-level travel time spent in this place.
 C = Inter-level travel time spent in this place.
 D = Time resting spent in this place.
 E = Time spent auto-exploring this place.
 F = Levels seen in this place.
 G = Mean time per level.
                   A        B        C        D        E       F      G
               +--------+--------+--------+--------+--------+-----+--------+
         Total |  17487 |  16881 |    606 |   3942 |   8931 |  15 | 1165.8 |
       Dungeon |  16078 |  15489 |    589 |   3536 |   8631 |  12 | 1339.8 |
        Temple |     57 |     40 |     17 |      0 |     20 |   1 |   57.0 |
         Sewer |    431 |    431 |      0 |     94 |     85 |   1 |  431.0 |
        Bailey |    919 |    919 |      0 |    312 |    195 |   1 |  919.0 |
               +--------+--------+--------+--------+--------+-----+--------+

Top non-repeatable levels by time:
    D:12: 2467 daAuts
     D:6: 1737 daAuts
    D:11: 1604 daAuts
     D:4: 1420 daAuts
    D:10: 1372 daAuts
     D:7: 1339 daAuts
     D:9: 1188 daAuts
     D:1: 1120 daAuts
     D:5: 1045 daAuts
     D:2: 993 daAuts
  Bailey: 919 daAuts
     D:8: 902 daAuts
     D:3: 887 daAuts
   Sewer: 431 daAuts
  Temple: 57 daAuts
